cohdb
Replays
Latest Replays
All Replays
Popular Replays
Top Player Replays
Match Explorer
How It Works
Community
CoH3 Stats
Reddit
Sign in to upload your games and track your stats! →
Sign in with Steam
3on3 1200+
Match 14974252
Overview
Messages
Build Orders
End
Construct Barracks
Riflemen Squad
Selects Armored Battlegroup
Selects Veteran Crews
Selects Fast Deploy
Riflemen Squad
M1 Mortar Team
Grenade Package
Mechanized Support Center
M1 Mortar Team
M1918 Browning Automatic Rifles
Selects M8 Scott SPG
M8 Scott SPG
Construct Motor Pool
Riflemen Squad
M1 Anti-tank Gun Team
M8 Scott SPG
AI Takeover
RvsS
Phreeze
Raynil
iceman
UH|dun! ツ
insane
0
0
Comments
sign in to comment!
No comments posted yet!